AoeStats
← MeanyPanini95

Socotra

505519314Analyzed
2v2 RM · 21d ago on Sep 9, 2026· 33m 40s· 4 players
Game mode
Random Map
Map size
Tiny (2 player)
Population
200
Speed
Normal
Resources
Standard
Victory
Conquest
Starting age
Dark Age
Ending age
Imperial Age
RankedLock teamsTeams togetherTeam positionsShared explorationLock speedFull tech treeHidden civsTurbo modeCheats
Victory
Defeat
🇷🇺 Ethiopians · Russia
921
+15
🇨🇦 Khmer · Canada
899
+16
🇬🇧 Franks · United Kingdom
916
-45
🇬🇧 Sicilians · United Kingdom
877
-41
eL_bArTo
3:42 Loom
13:10 Feudal Age
14:41 Wheelbarrow
13:55 Double-Bit Axe
14:32 Horse Collar
MeanyPanini95
5:02 Loom
12:21 Feudal Age
16:27 Castle Age
20:42 Double-Bit Axe
24:39 Scale Barding Armor
27:51 Forging
28:37 Pikeman
30:02 Chain Barding Armor
31:48 Squires
31:34 Gambesons
31:35 Arson
Yo$hum1
10:25 Feudal Age
11:10 Double-Bit Axe
11:08 Horse Collar
15:20 Wheelbarrow
17:53 Fletching
18:04 Padded Archer Armor
21:12 Castle Age
21:15 Crossbowman
22:01 Thumb Ring
21:54 Bodkin Arrow
22:33 Gold Mining
23:10 Bow Saw
26:38 Loom
26:39 Town Watch
28:07 Heavy Plow
29:23 Squires
30:31 Hand Cart
31:46 Ballistics
31:31 Scale Mail Armor
31:47 Leather Archer Armor
33:54 Chain Mail Armor
mic213
12:35 Feudal Age
14:24 Horse Collar
14:30 Double-Bit Axe
14:26 Man-at-Arms
15:43 Wheelbarrow
18:48 Forging
24:01 Castle Age
22:39 Scale Mail Armor
24:09 Wheelbarrow
23:50 Scale Barding Armor
25:35 Long Swordsman
29:26 Pikeman
33:54 Hand Cart
33:58 Bow Saw
Connection lost

Rejoining the realm…

Still unreachable

The connection could not be restored.

Session expired

The server has moved on; the page needs a fresh start.